 Dungeon Crawl Stone Soup version 0.30-a0-782-ge64f9170bb (webtiles) character file.

Game seed: 7703655187095330099

1658 tilp the Carver (level 9, -9/78 HPs)
             Began as a Meteoran Fighter on Mar 6, 2023.
             Shot with an arrow by a centaur (11 damage)
             ... on level 7 of the Dungeon.
             The game lasted 00:16:00 (3373 turns).

tilp the Carver (Meteoran Fighter)                  Turns: 3373, Time: 00:16:01

Health: -9/78      AC:  4    Str: 19    XL:     9   Next: 43%
Magic:  10/10      EV:  9    Int:  8    God:
Gold:   250        SH:  6    Dex: 21    Spells: 8/8 levels left

rFire   . . .      SeeInvis .    a - +0 long sword
rCold   . . .      Faith    +    c - +0 buckler
rNeg    . . .      Spirit   .    f - +0 chain mail
rPois   .          Reflect  .    b - +0 helmet
rElec   .          Harm     .    s - +0 cloak
rCorr   .          Rampage  .    j - +0 pair of gloves
Will    +....                    (no boots)
Stlth   +                        q - amulet of Tecitergh {Faith Int-2 Dex+4 Stlth+}
HPRegen 0.33/turn                (no ring)
MPRegen 0.12/turn                (no ring)

@: corroded, on berserk cooldown, slowed, glowing, very slow
A: sense surroundings 2, otherworldly, glowing, explore regen
a: no special abilities


You were on level 7 of the Dungeon.
You visited 1 branch of the dungeon, and saw 7 of its levels.

You collected 250 gold pieces.

Inventory:

Hand Weapons
 a - a +0 long sword (weapon)
 k - the +2 spear of Demand {freeze, rF+ SInv}
   (You found it on level 4 of the Dungeon)

   rF:        It protects you from fire.
   SInv:      It lets you see invisible.
 r - a +2 short sword of freezing
Missiles
 g - 7 poisoned darts
 t - 2 boomerangs (quivered)
Armour
 b - a +0 helmet (worn)
 c - a +0 buckler (worn)
 f - a +0 chain mail (worn)
 j - a +0 pair of gloves (worn)
 s - a +0 cloak (worn)
Jewellery
 n - a ring of magical power
 p - an amulet of the acrobat
 q - the amulet of Tecitergh (around neck) {Faith Int-2 Dex+4 Stlth+}
   (You found it on level 3 of the Dungeon)

   [amulet of faith]

   It allows you to gain divine favour quickly.
   Int:       It affects your intelligence (-2).
   Dex:       It affects your dexterity (+4).
   Stlth:     It makes you more stealthy.
 u - a ring of wizardry
Wands
 i - a wand of polymorph (16)
Scrolls
 z - a scroll of immolation
Potions
 d - 2 potions of might
 e - 2 potions of brilliance
 h - 3 potions of cancellation
 l - 2 potions of curing
 m - 5 potions of flight
 o - a potion of berserk rage
 v - a potion of degeneration {unknown}
 w - a potion of magic
 x - a potion of heal wounds {unknown}
 A - a potion of attraction {unknown}


   Skills:
 * Level 6.5 Fighting
 * Level 8.3 Long Blades
 - Level 2.0 Throwing
 - Level 4.0 Armour
 + Level 4.5 Dodging
 * Level 3.9 Stealth
 - Level 4.0 Shields
 - Level 2.0 Evocations


You had 8 spell levels left.
You didn't know any spells.
Your spell library was empty.

Dungeon Overview and Level Annotations

Branches:
Dungeon (7/15) Zot: 720    Temple (0/1) D:7

Altars:
Ashenzari
Cheibriados
Qazlal
Trog
Zin

Annotations:
D:6 2 runed translucent doors, Nebesus's ghost, novice AtFi


Innate Abilities, Weirdness & Mutations

You passively map the area around you.
You are easily found by Zot.
You glow in the dark.
You regain HP and MP as you explore.


Message History

The jelly hits you but does no damage. The bullfrog closely misses you.
You hear an angry buzzing noise.
You are too injured to fight recklessly!
You hit the jelly.
You kill the jelly!
The centaur hits you. The centaur kicks you. The bullfrog hits you.
The centaur completely misses you. The centaur misses you.
The bullfrog hits you.
The centaur wields a +0 shortbow.
The centaur shoots an arrow.
The arrow completely misses you. You block the bullfrog's attack.
The bullfrog closely misses you.
The centaur shoots an arrow.
The arrow hits you.
* * * LOW HITPOINT WARNING * * *
The centaur shoots an arrow.
The arrow closely misses you. The bullfrog misses you.
The centaur shoots an arrow.
The arrow barely misses you. The bullfrog hits you!
* * * LOW HITPOINT WARNING * * *
The howler monkey hoots and howls with incredible vigour!
The centaur shoots an arrow.
The arrow barely misses you.
You hear a shout! x4; You hear an angry buzzing noise.
The bullfrog hits you but does no damage.
The bullfrog closely misses you. The bullfrog hits you.
* * * LOW HITPOINT WARNING * * *
The bullfrog hits you but does no damage.
The howler monkey hits you.
* * * LOW HITPOINT WARNING * * *
You feel better. You block the bullfrog's attack.
The centaur shoots an arrow.
The arrow hits you!
* * * LOW HITPOINT WARNING * * *
The bullfrog hits you.
* * * LOW HITPOINT WARNING * * *
The howler monkey hits you but does no damage.
The centaur shoots an arrow.
You block the arrow. The bullfrog hits you.
* * * LOW HITPOINT WARNING * * *
The howler monkey barely misses you. The bullfrog attacks as you move away!
The bullfrog hits you but does no damage.
The centaur shoots an arrow.
The arrow hits you!
You die...

*****,,,,,,,,,,,* *,,,,+,**
*,,,,.....**#+##* *,,,,.,,,
*,,,......* *..# *,,,.#,*,
*,,,......####.## **+...,,,
*,,,,...........######..#,,,*
******#.........#......#*,,,*
#.......c...##..#*,,,,,
#.......h......#*,,*,*,
#.....@.F####.....#*,**
#####.#### *#...##,,,* #.#
*...!..>,, #.# *,..##.,,* #†#
*,?..#*,** #)# *,*#..#,*, #)#
*,,*#..,,, #)# **,,**,,,*
**#######'#### **,,*,,,*


You could see a bullfrog, a centaur and a howler monkey.

Vanquished Creatures
  A steam dragon (D:6)
  An orc warrior (D:7)
  A black bear (D:7)
  2 necrophages
  5 scorpions
  A howler monkey (D:5)
  4 hounds
  4 jellies
  3 orc priests
  4 iguanas
  Ijyb (D:3)
  Natasha (twice) (D:3)
  4 orc wizards
  10 gnolls
  6 adders
  A white imp (D:6)
  2 ufetubi
  A worm (D:2)
  5 dart slugs
  18 orcs
  6 endoplasms
  A giant cockroach (D:3)
  9 goblins
  3 hobgoblins
  A quokka (D:1)
  3 ball pythons
  4 bats
  3 kobolds
  2 rats (D:3)
  A bush (D:4)
109 creatures vanquished.

Vanquished Creatures (collateral kills)
  A gnoll (D:3)
  An orc (D:4)
2 creatures vanquished.

Vanquished Creatures (others)
  A scorpion (D:4)
  A gnoll (D:5)
2 creatures vanquished.

Grand Total: 113 creatures vanquished

Notes
Turn   | Place    | Note
-------+----------+-------------------------------------------
     0 | D:1      | tilp the Meteoran Fighter began the quest for the Orb.
     0 | D:1      | Reached XP level 1. HP: 19/19 MP: 2/2
    78 | D:1      | Reached XP level 2. HP: 26/26 MP: 3/3
   105 | D:2      | Reached skill level 3 in Long Blades
   153 | D:2      | Reached skill level 1 in Dodging
   184 | D:3      | Reached XP level 3. HP: 31/31 MP: 4/4
   205 | D:3      | Noticed Ijyb
   232 | D:3      | Killed Ijyb
   233 | D:3      | Reached XP level 4. HP: 31/40 MP: 5/5
   262 | D:3      | Reached skill level 4 in Long Blades
   326 | D:3      | Reached XP level 5. HP: 35/46 MP: 6/6
   457 | D:4      | Reached skill level 5 in Long Blades
   687 | D:3      | Identified the amulet of Tecitergh {Faith Int-2 Dex+4
                  | Stlth+}
   724 | D:4      | Noticed a necrophage
   724 | D:4      | Found a glowing silver altar of Zin.
   724 | D:4      | Found a bloodstained altar of Trog.
   743 | D:4      | Killed a necrophage
   744 | D:4      | Reached skill level 6 in Long Blades
   744 | D:4      | Reached XP level 6. HP: 26/52 MP: 7/7
   839 | D:3      | Noticed Natasha
   845 | D:3      | Killed Natasha
  1045 | D:3      | Reached skill level 1 in Evocations
  1059 | D:3      | Reached XP level 7. HP: 17/59 MP: 8/8
  1085 | D:3      | Noticed Natasha
  1096 | D:3      | Killed Natasha
  1155 | D:5      | Entered Level 5 of the Dungeon
  1184 | D:4      | Identified the +2 spear of Demand {freeze, rF+ SInv}
  1239 | D:4      | Reached skill level 1 in Stealth
  1250 | D:4      | Reached skill level 1 in Throwing
  2062 | D:5      | Reached XP level 8. HP: 54/67 MP: 9/9
  2162 | D:5      | Reached skill level 5 in Fighting
  2227 | D:5      | Reached skill level 7 in Long Blades
  2888 | D:6      | Found a broken altar of Ashenzari.
  2952 | D:6      | Found a large runed translucent door.
  2952 | D:6      | Found a large runed translucent door.
  2959 | D:6      | Noticed Nebesus's ghost (novice AtFi)
  2990 | D:6      | Gained mutation: You passively map the area around you.
                  | [Meteoran growth]
  2990 | D:6      | Reached XP level 9. HP: 48/75 MP: 10/10
  2991 | D:6      | Found a large runed translucent door.
  2992 | D:6      | Found a large runed translucent door.
  3110 | D:6      | Found a snail-covered altar of Cheibriados.
  3115 | D:6      | Found a stormy altar of Qazlal.
  3331 | D:7      | Reached skill level 8 in Long Blades
  3372 | D:7      | HP: 1/78 [bullfrog (5)]
  3373 | D:7      | Shot with an arrow by a centaur

Illustrated notes

Levels and vault maps discovered:
D:1:      dpeg_arrival_morbid_curiosity, layout_rooms
D:2:      layout_rooms, shapermc_ecumenical_altar_mp_ritualfount, serial_rivers,
          chequers_serial_rivers_large_b, chequers_serial_rivers_micro_b,
          chequers_serial_rivers_marsh, chequers_serial_rivers_micro_a,
          chequers_serial_rivers_small_b, chequers_serial_rivers_room_b
D:3:      minmay_general_purpose_star, layout_loops_corners,
          hangedman_decor_clover_reticule, uniq_natasha, uniq_ijyb
D:4:      layout_loops_ring, chequers_temple_overflow_statue_of_worship,
          serial_forest, infiniplex_forest_end_2, infiniplex_forest_straight_2,
          infiniplex_forest_straight_3, infiniplex_forest_straight_5,
          infiniplex_forest_clump_diagonal, infiniplex_forest_end_2,
          infiniplex_forest_clump_diagonal, minmay_misc_feat_roman
D:5:      layout_basic, minivault_25
D:6:      layout_basic, mainiacjoe_overflow_tiny_flanked, jmf_multi_god_temple2,
          ebering_ghost_disaster_area
D:7:      layout_basic, minmay_temple_entry_waves

Skill      XL: |  1  2  3  4  5  6  7  8  9 |
---------------+----------------------------+-----
Long Blades    | 3 4 6 7 8 |  8.3
Dodging        | 1 2 4 |  4.5
Fighting       | 4 5 6 |  6.5
Evocations     | 1 2 |  2.0
Stealth        | 1 3 |  3.9
Throwing       | 1 2 |  2.0
Armour         | 4 |  4.0
Shields        | 4 |  4.0

Action                     |  1- 3 |  4- 6 |  7- 9 || total
---------------------------+-------+-------+-------++-------
  Melee: Long sword        |    54 |   145 |   325 ||   524
  Throw: Boomerang         |       |       |     1 ||     1
         Dart              |       |       |     1 ||     1
  Evoke: Wand              |       |     1 |     2 ||     3
    Use: Scroll            |       |       |    12 ||    12
         Potion            |       |       |     4 ||     4
 Armour: Chain mail        |    20 |    89 |   190 ||   299
         Scale mail        |     4 |       |       ||     4
  Dodge: Dodged            |    17 |    43 |    77 ||   137
  Block: Buckler           |     7 |    51 |    74 ||   132

Table legend: (Time is in decaauts)
 A = Elapsed time spent in this place.
 B = Non-inter-level travel time spent in this place.
 C = Inter-level travel time spent in this place.
 D = Time resting spent in this place.
 E = Time spent auto-exploring this place.
 F = Levels seen in this place.
 G = Mean time per level.
                   A        B        C        D        E       F      G
               +--------+--------+--------+--------+--------+-----+--------+
         Total |   3478 |   2974 |    504 |      2 |      0 |   7 |  496.9 |
       Dungeon |   3478 |   2974 |    504 |      2 |      0 |   7 |  496.9 |
               +--------+--------+--------+--------+--------+-----+--------+

Top non-repeatable levels by time:
     D:5: 844 daAuts
     D:4: 831 daAuts
     D:3: 778 daAuts
     D:6: 666 daAuts
     D:1: 146 daAuts
     D:2: 143 daAuts
     D:7: 67 daAuts
